Map: Abyssal Reef LE

Players

Juxtapose - Winner!

  • Race: Protoss Protoss
  • League: Gold
  • Spawn Location: 11:00

codeyeti

  • Race: Zerg Zerg
  • League: Platinum
  • Spawn Location: 5:00

VOD

https://youtu.be/bgyaGAVCVL8

Description

While codeyeti was explaining to me why he wouldn't play against a Random opponent in the game we were just matched with, he offered to play a 1v1 with me and I accepted.

This is an absolutely fantastic match, and @codeyeti, if you're reading this, thank you very much for the game! You're an excellent player and we had some really great back-and-forth battles here, and there were a few points where I really thought you were going to steamroll me.

Your macro game is quite strong and you played very well, so thank you again for both the game, and for your courtesy!

Time

  • Played on: Sept. 4, 2017, 1:23 p.m.
  • Length: 15:37
Show
View Real Time Build Order
Export as new Build Order

Juxtapose Protoss - Winner!

Build Orders: Oracle Opening 

Get SALT Encoding   

  12  0:01  Probe (Chrono Boost)  
  13  0:12  Probe (Chrono Boost)  
  14  0:23  Pylon  
  14  0:24  Probe (Chrono Boost)  
  15  0:41  Probe (Chrono Boost)  
  16  0:43  Gateway  
  16  0:52  Probe (Chrono Boost)  
  16  0:54  Assimilator  
  17  1:02  Probe (Chrono Boost)  
  18  1:12  Pylon  
  18  1:13  Probe (Chrono Boost)  
  18  1:17  Assimilator  
  19  1:23  Probe (Chrono Boost)  
  20  1:37  Cybernetics Core  
  21  1:40  Probe (Chrono Boost)  
  21  1:48  Pylon  
  21  1:50  Probe (Chrono Boost)  
  21  1:53  Pylon  
  22  2:02  Probe (Chrono Boost)  
  23  2:16  Stargate  
  23  2:21  Mothership Core (Chrono Boost)  
  23  2:22  Zealot  
  27  2:46  Warp Gate (Chrono Boost)  
  27  2:52  Gateway  
  27  2:54  Gateway  
  27  2:56  Pylon  
  27  3:01  Oracle (Chrono Boost)  
  30  3:26  Nexus  
  30  3:33  Pylon  
  30  3:44  Pylon  
  30  3:50  Probe  
  31  3:57  Forge  
  30  4:34  Pylon  
  30  4:41  Protoss Ground Weapons Level 1 (Chrono Boost)  
  30  4:45  Robotics Facility  
  30  4:47  Twilight Council  
  30  4:51  Pylon  
  30  4:55  Zealot x2  
  30  4:58  Probe  
  34  5:03  Probe  
  34  5:07  Sentry  
  38  5:09  Probe  
  39  5:15  Probe  
  39  5:20  Probe  
  40  5:22  Sentry x2  
  40  5:26  Charge (Chrono Boost)  
  40  5:27  Probe  
  46  5:35  Probe  
  46  5:39  Probe, Assimilator  
  46  5:41  Assimilator  
  48  5:43  Observer  
  49  5:52  Probe  
  49  5:54  Probe  
  51  6:00  Stalker x2  
  51  6:01  Stalker  
  57  6:12  Warp Prism  
  59  6:22  Probe  
  59  6:23  Probe  
  61  6:32  Protoss Ground Armor Level 1 (Chrono Boost)  
  61  6:33  Zealot  
  61  6:34  Zealot x2  
  61  6:35  Probe  
  68  6:41  Probe  
  69  6:47  Probe  
  69  6:51  Probe  
  71  6:54  Stalker  
  71  6:55  Stalker  
  71  6:59  Probe  
  76  7:02  Probe  
  77  7:12  Probe x2  
  79  7:27  Stalker x2  
  79  7:28  Stalker  
  85  7:33  Blink (Chrono Boost)  
  85  7:36  Immortal  
  89  7:45  Probe  
  90  7:56  Zealot x3  
  96  8:15  Immortal  
  100  8:28  Protoss Ground Weapons Level 2 (Chrono Boost)  
  92  8:35  Nexus  
  92  8:36  Pylon  
  92  8:38  Pylon  
  92  8:39  Pylon  
  82  8:46  Zealot x3  
  72  9:07  Sentry  
  74  9:15  Gateway  
  74  9:16  Gateway  
  65  9:37  Zealot x2  
  69  9:38  Zealot  
  71  9:50  Probe  
  72  9:54  Assimilator  
  72  9:58  Assimilator  
  72  10:00  Probe  
  72  10:02  Immortal  
  77  10:11  Probe  
  77  10:12  Robotics Bay  
  78  10:17  Stalker x2  
  78  10:19  Zealot x3  
  88  10:26  Protoss Ground Armor Level 2 (Chrono Boost)  
  88  10:38  Photon Cannon  
  88  10:41  Photon Cannon, Immortal  
  92  10:44  Photon Cannon  
  92  10:58  Stalker  
  92  10:59  Stalker x2  
  92  11:00  Stalker  
  92  11:02  Zealot  
  101  11:21  Immortal  
  105  11:28  Zealot x4  
  105  11:29  Zealot  
  91  11:49  Zealot x2  
  91  11:50  Zealot x3  
  89  12:00  Immortal  
  71  12:09  Mothership Core  
  73  12:18  Extended Thermal Lance  
  73  12:24  Robotics Bay  
  73  12:27  Stalker x3  
  73  12:28  Stalker  
  73  12:29  Stalker  
  83  12:39  Immortal  
  77  12:58  Zealot x5  
  83  13:19  Robotics Facility, Colossus  
  89  13:24  Stalker x2  
  89  13:25  Zealot x2  
  89  13:26  Sentry  
  93  13:52  Zealot x5  
  91  14:12  Colossus  
  97  14:19  Colossus  
  103  14:26  Void Ray  
  103  14:28  Stalker x5  
  117  15:11  Zealot x2  
  117  15:12  Zealot x2, Nexus  
  117  15:13  Zealot  
  117  15:14  Pylon  
  129  15:16  Pylon  
  129  15:21  Pylon  
Show
View Real Time Build Order
Export as new Build Order

codeyeti Zerg 

Build Orders: Hatch First 

Get SALT Encoding   

  12  0:03  Drone  
  13  0:13  Overlord  
  13  0:25  Drone  
  14  0:31  Drone x2  
  16  0:40  Drone  
  17  0:55  Hatchery  
  16  1:00  Overlord  
  16  1:04  Drone  
  17  1:15  Drone  
  18  1:22  Drone  
  18  1:25  Spawning Pool  
  18  1:33  Drone  
  19  1:49  Drone  
  20  1:54  Hatchery  
  20  1:56  Drone  
  20  2:03  Drone  
  21  2:23  Drone  
  21  2:25  Queen x2  
  21  2:26  Zergling x2  
  21  2:29  Drone x3  
  31  2:46  Extractor  
  30  2:56  Drone x4  
  30  2:57  Drone  
  35  3:13  Spine Crawler  
  35  3:15  Roach Warren, Drone x3  
  36  3:30  Overlord  
  36  3:31  Overlord x2  
  36  3:33  Overlord x2  
  36  3:45  Extractor  
  35  3:48  Overlord  
  35  3:49  Overlord x2  
  35  3:50  Drone x2  
  35  3:51  Drone  
  38  4:12  Drone x4  
  38  4:13  Drone x5  
  47  4:20  Spore Crawler  
  42  4:29  Spore Crawler  
  40  4:43  Lair  
  40  4:48  Evolution Chamber x2  
  40  4:50  Queen  
  40  4:52  Hatchery  
  40  4:53  Drone x9  
  40  4:56  Extractor  
  47  5:12  Drone x2  
  47  5:13  Drone x5  
  54  5:16  Zerg Missile Weapons Level 1  
  54  5:19  Zerg Ground Armor Level 1  
  54  5:24  Drone  
  54  5:25  Drone x3  
  58  5:40  Drone x3  
  61  6:02  Extractor  
  61  6:04  Extractor  
  59  6:05  Extractor  
  59  6:06  Roach  
  59  6:07  Roach x8  
  59  6:08  Queen  
  59  6:10  Overlord  
  78  6:12  Overseer  
  78  6:24  Drone  
  78  6:25  Drone x7  
  86  6:37  Hydralisk Den  
  85  6:49  Overseer  
  85  6:56  Spore Crawler  
  84  7:12  Roach x9  
  84  7:13  Roach x3  
  108  7:25  Overlord x3  
  108  7:38  Hatchery  
  108  7:39  Zerg Ground Armor Level 2, Zerg Missile Weapons Level 2  
  108  7:41  Roach  
  108  7:42  Roach x2  
  108  7:43  Roach  
  108  7:44  Roach x5  
  125  7:51  Overlord x2  
  125  7:53  Roach  
  123  8:12  Hatchery  
  122  8:17  Hydralisk x5  
  122  8:18  Hydralisk x5  
  104  8:51  Roach x10  
  104  8:52  Roach x2  
  116  9:02  Overseer  
  114  9:04  Overseer  
  112  9:10  Muscular Augments  
  106  9:26  Roach x5  
  106  9:27  Roach x4  
  106  9:55  Queen  
  108  10:00  Roach  
  108  10:01  Roach x12  
  108  10:02  Overlord  
  134  10:09  Overseer  
  134  10:35  Overlord x6  
  134  10:36  Overlord x3  
  134  10:53  Queen  
  134  10:55  Infestation Pit  
  135  10:58  Hydralisk  
  135  10:59  Hydralisk x6  
  135  11:00  Hydralisk  
  144  11:23  Spore Crawler  
  138  11:39  Hatchery  
  101  12:02  Roach x5  
  101  12:03  Roach x11  
  131  12:30  Glial Reconstitution  
  131  12:35  Hive  
  131  12:43  Drone x12  
  115  13:08  Roach x9  
  115  13:09  Roach x2  
  137  13:29  Hatchery  
  86  14:05  Hydralisk  
  86  14:06  Hydralisk x13  
  86  14:07  Hydralisk x3  
  120  14:10  Drone x3  
  123  14:29  Spire  
  122  14:33  Drone  
  122  14:34  Viper, Drone  
  122  14:35  Drone x9  
  122  14:36  Drone  
  137  14:48  Overseer x2  
  137  14:53  Roach  
  137  14:54  Roach x6  
  137  14:55  Roach  
Tags
 
Add a new tag
Caveats
  • Supply blocks, unpowered buildings, or Contaminate may cause inaccurate times.
  • Supply counts are checked every 10 seconds.